 Dungeon Crawl Stone Soup version 0.30-b1-2-g02819fbbbe (webtiles) character file.

Game seed: 5296052128684402742

18561 falawelle the Cleaver (level 12, -1/108 HPs)
             Began as a Minotaur Berserker on May 11, 2023.
             Was a Believer of Trog.
             Slain by a meliai
             ... wielding a +0 hand axe
              (7 damage)
             ... on level 13 of the Dungeon.
             The game lasted 01:18:50 (26116 turns).

falawelle the Cleaver (Minotaur Berserker)         Turns: 26116, Time: 01:18:50

Health: -1/108     AC: 14    Str: 24    XL:     12   Next: 28%
Magic:  11/11      EV: 12    Int:  6    God:    Trog [**....]
Gold:   251        SH:  0    Dex: 17    Spells: 11/11 levels left

rFire   + + +        C - +2 battleaxe (flame)
rCold   . . .        (shield currently unavailable)
rNeg    + . .        F - +1 ring mail of Disguise {Contam +Inv rF+++ rN+}
rPois   .            e - +0 hat
rElec   .            G - +0 cloak
rCorr   .            (no gloves)
SInv    .            (no boots)
Will    ++...        r - amulet of regeneration
Stlth   +            w - +6 ring of dexterity
HPRegen 2.18/turn    B - +4 ring of protection
MPRegen 0.12/turn

%: no passive effects
@: lethally poisoned (-1 -> -6), strong-willed, regenerating, studying Shields
A: horns 2, retaliatory headbutt
a: Renounce Religion, Evoke Invisibility, Berserk, Trog's Hand


You were on level 13 of the Dungeon.
You worshipped Trog.
Trog was pleased with you.
You visited 1 branch of the dungeon, and saw 13 of its levels.

You collected 573 gold pieces.
You spent 322 gold pieces at shops.

Inventory:

Hand Weapons
 C - a +2 battleaxe of flaming (weapon)
 K - a +1 hand axe of flaming
Armour
 e - a +0 hat (worn)
 x - a +6 plate armour of ponderousness
 F - the +1 ring mail of Disguise (worn) {Contam +Inv rF+++ rN+}
   (You found it on level 8 of the Dungeon)

   rF:        It renders you almost immune to fire.
   rN:        It protects you from negative energy.
   +Inv:      It lets you turn invisible.
   Contam:    It causes magical contamination when unequipped.
 G - a +0 cloak (worn)
 I - a +2 buckler of fire resistance
Jewellery
 b - a ring of flight
 l - a ring of see invisible
 r - an amulet of regeneration (around neck)
 w - a +6 ring of dexterity (left hand)
 A - a ring of protection from cold
 B - a +4 ring of protection (right hand)
 L - an amulet of faith
Wands
 t - a wand of flame (70)
 E - a wand of digging (14)
Scrolls
 a - 2 scrolls of silence
 g - 4 scrolls of teleportation
 i - 2 scrolls of fear
 q - 4 scrolls of poison
 D - 5 scrolls of amnesia
 J - a scroll of blinking
 M - a scroll of brand weapon
Potions
 c - 4 potions of invisibility
 d - 3 potions of curing
 f - 5 potions of mutation
 h - 4 potions of haste
 j - 6 potions of might
 k - a potion of degeneration {unknown}
 m - 4 potions of lignification
 n - 2 potions of berserk rage {unknown}
 o - 2 potions of magic {unknown}
 p - a potion of flight {unknown}
 s - 3 potions of brilliance
 u - 3 potions of ambrosia
 v - 3 potions of heal wounds
 z - 3 potions of resistance {unknown}
 H - 2 potions of attraction {unknown}


   Skills:
 + Level 10.7 Fighting
 * Level 14.4 Axes
 * Level 14.2 Armour
 - Level 2.1 Dodging
 + Level 9.0 Unarmed Combat


You had 11 spell levels left.
You didn't know any spells.
Your spell library was empty.

Dungeon Overview and Level Annotations

Branches:
Dungeon (13/15)            Temple (0/1) D:5            Lair (0/5) D:10
    Orc (0/2) D:12
 Vaults: D:13-14

Altars:
Elyvilon
Gozag
Kikubaaqudgha
Makhleb
Okawaru
Trog
Wu Jian
Xom
The Shining One

Shops:
D:9 [   D:10 !   D:11 *[(=   D:12 [

Annotations:
D:7 2 runed translucent doors, Clive's ghost, novice MiFi
D:8 2 transporters, Notanamesir's ghost, novice FoHu
D:12 1 runed translucent door


Innate Abilities, Weirdness & Mutations

You have a pair of horns on your head.
You reflexively headbutt those who attack you in melee.


Message History

The meliai freezes you. The meliai closely misses you.
The meliai hits you but does no damage.
The meliai stings you but does no damage.
There is a stone staircase leading up, spattered with blood here.
Your skin crawls.
You feel strong-willed. The meliai barely misses you. The meliai stings you.
The meliai hits you but does no damage. The meliai stings you.
The meliai hits you with a +0 hand axe.
The meliai stings you but does no damage.
The meliai hits you with a +0 hand axe! The meliai closely misses you.
The meliai barely misses you.
The meliai stings you but does no damage.
The meliai hits you but does no damage.
The meliai stings you but does no damage.
You miss the meliai. Your headbutt misses the meliai.
You closely miss the meliai. x2
The meliai hits you with a +1 hand axe of freezing!
The meliai freezes you.
The meliai stings you but does no damage.
The meliai hits you with a +0 hand axe! The meliai barely misses you.
The meliai closely misses you.
The meliai stings you but does no damage.
The meliai invokes the aid of its god against you.
Something smites you! The meliai barely misses you. You furiously retaliate!
You headbutt the meliai. The meliai stings you!
* * * LOW HITPOINT WARNING * * *
You are poisoned.
The meliai poisons you! The meliai hits you but does no damage.
The meliai misses you.
You can't go down here!
You feel very sick.
The meliai mumbles some strange prayers to its god against you.
Something smites you!
* * * LOW HITPOINT WARNING * * *
The meliai hits you but does no damage.
The meliai stings you but does no damage.
The meliai barely misses you. You furiously retaliate!
You headbutt the meliai. The meliai stings you!
You die...

##################
...............y@#
...........[)..yy#
.................#
.................#
.................#
.....>.........[.#
.................#
.................#
..........(......#


You could see 3 meliai.

Vanquished Creatures
  Gastronok (D:8)
  A fire dragon (D:12)
  6 slime creatures (D:12)
  2 boulder beetles (D:12)
  2 two-headed ogres
  Urug (D:13)
  A deep elf pyromancer (D:12)
  2 cyclopes (D:12)
  A manticore (D:11)
  Maurice (D:8)
  Joseph (D:8)
  6 trolls
  A hornet (D:10)
  A shadow (D:11)
  3 wraiths
  A water elemental (D:11)
  A wyvern (D:10)
  Grum (D:8)
  9 yaks (D:9)
  Edmund (D:6)
  An acid dragon (D:10)
  3 water moccasins
  7 orc warriors
  Pargi (D:4)
  2 sky beasts
  3 black bears
  3 wolves (D:8)
  11 centaurs
  2 ogres
  A phantom (D:4)
  3 bullfrogs
  6 kobold brigands
  4 scorpions
  5 wights (D:8)
  17 killer bees
  4 electric eels (D:11)
  3 howler monkeys
  6 hounds
  7 orc priests
  2 gnoll boudas
  A sleepcap (D:5)
  4 iguanas
  13 orc wizards
  9 gnolls
  3 adders
  2 white imps
  An ufetubus (D:7)
  4 worms
  4 dart slugs
  45 orcs
  6 endoplasms
  4 giant cockroaches (D:1)
  7 hobgoblins
  8 quokkas
  3 ball pythons
  5 bats
  3 frilled lizards (D:1)
  8 goblins
  46 kobolds
  5 rats
315 creatures vanquished.

Vanquished Creatures (others)
  A wizard (D:12)
  A kobold (D:11)
  2 fungi (D:10)
  18 plants
22 creatures vanquished.

Grand Total: 337 creatures vanquished

Notes
Turn   | Place    | Note
-------+----------+-------------------------------------------
     0 | D:1      | falawelle the Minotaur Berserker began the quest for the
                  | Orb.
     0 | D:1      | Reached XP level 1. HP: 19/19 MP: 0/0
   180 | D:1      | Reached XP level 2. HP: 26/27 MP: 1/1
   775 | D:1      | Reached XP level 3. HP: 33/33 MP: 2/2
  1374 | D:1      | Reached skill level 1 in Unarmed Combat
  1874 | D:2      | Reached ** piety under Trog
  2969 | D:3      | Reached XP level 4. HP: 40/40 MP: 3/3
  3474 | D:3      | Found a glowing drain.
  3868 | D:4      | Noticed Pargi
  3890 | D:4      | Killed Pargi
  3891 | D:4      | Reached skill level 5 in Axes
  3891 | D:4      | Reached XP level 5. HP: 40/47 MP: 4/4
  4023 | D:4      | Found an ornate altar of the Wu Jian Council.
  4070 | D:4      | Reached skill level 5 in Armour
  4070 | D:4      | Reached XP level 6. HP: 55/55 MP: 5/5
  4270 | D:4      | Found a glowing golden altar of the Shining One.
  4605 | D:4      | Found an opulent altar of Gozag.
  5031 | D:4      | Reached skill level 5 in Fighting
  5152 | D:4      | Reached *** piety under Trog
  5226 | D:4      | Reached XP level 7. HP: 8/61 MP: 6/6
  6819 | D:5      | Entered Level 5 of the Dungeon
  7673 | D:5      | Reached XP level 8. HP: 64/70 MP: 7/7
  8291 | D:5      | Found a staircase to the Ecumenical Temple.
  9247 | D:6      | Noticed Edmund
  9268 | D:6      | Killed Edmund
 10572 | D:7      | Reached XP level 9. HP: 52/75 MP: 8/8
 11059 | D:7      | Reached skill level 5 in Unarmed Combat
 11919 | D:7      | Found a white marble altar of Elyvilon.
 11973 | D:7      | Found a large runed translucent door.
 11973 | D:7      | Found a large runed translucent door.
 11977 | D:7      | Noticed Clive's ghost (novice MiFi)
 13001 | D:7      | Found a shimmering altar of Xom.
 13720 | D:8      | Noticed Notanamesir's ghost (novice FoHu)
 13720 | D:8      | Found a transporter.
 13721 | D:8      | Found a transporter.
 13725 | D:8      | Identified the +3 giant club "Anud" {holy, *Noise rF+++
                  | Str+3}
 13725 | D:8      | Noticed a two-headed ogre
 13740 | D:8      | Identified the +1 ring mail of Disguise {Contam +Inv rF+++
                  | rN+}
 13904 | D:8      | Noticed Maurice
 13919 | D:8      | Killed Maurice
 13944 | D:8      | Reached skill level 10 in Axes
 13963 | D:8      | Noticed Grum
 13982 | D:8      | Reached skill level 10 in Armour
 13983 | D:8      | Killed Grum
 14296 | D:8      | Reached XP level 10. HP: 61/85 MP: 9/9
 14393 | D:8      | Noticed Gastronok
 14417 | D:8      | Killed Gastronok
 14480 | D:8      | Noticed a two-headed ogre
 14486 | D:8      | Killed a two-headed ogre
 14501 | D:8      | Noticed Joseph
 14514 | D:8      | Killed Joseph
 15243 | D:8      | Found a burning altar of Makhleb.
 15244 | D:8      | Found an iron altar of Okawaru.
 15656 | D:9      | Found a bloodstained altar of Trog.
 15674 | D:9      | Found Utyha's Armour Emporium.
 16014 | D:9      | Bought a +2 buckler of fire resistance for 322 gold pieces
 16608 | D:9      | Reached XP level 11. HP: 74/97 MP: 10/10
 17154 | D:10     | Entered Level 10 of the Dungeon
 17154 | D:10     | Found Mafee's Distillery.
 17987 | D:10     | Found a staircase to the Lair.
 18030 | D:10     | Found an ancient bone altar of Kikubaaqudgha.
 19881 | D:11     | Found Nogur's Jewellery Shoppe.
 20304 | D:11     | Found Wuwuat's Antique Weapon Boutique.
 20597 | D:11     | Found Xinn's General Store.
 20760 | D:11     | Found Onatoxtih's Antique Armour Emporium.
 22671 | D:11     | HP: 1/99 [electric eel/bolt of electricity (7)]
 23451 | D:12     | Found a staircase to the Orcish Mines.
 23746 | D:12     | Found Domnir's Armour Shoppe.
 23748 | D:12     | Noticed a wizard
 23882 | D:12     | Noticed a boulder beetle
 23891 | D:12     | Killed a wizard
 23892 | D:12     | Reached skill level 10 in Fighting
 23914 | D:12     | Noticed a deep elf pyromancer
 23920 | D:12     | Killed a boulder beetle
 23925 | D:12     | Killed a deep elf pyromancer
 23952 | D:12     | Noticed a boulder beetle
 24000 | D:12     | Killed a boulder beetle
 24142 | D:12     | Found a runed translucent door.
 24143 | D:12     | Noticed a fire giant
 24143 | D:12     | Noticed a yaktaur captain
 24283 | D:12     | HP: 5/100 [enormous slime creature (73)]
 24315 | D:12     | Reached XP level 12. HP: 25/107 MP: 11/11
 24957 | D:12     | Noticed a two-headed ogre
 24964 | D:12     | Killed a two-headed ogre
 24981 | D:12     | Noticed a fire dragon
 24988 | D:12     | Killed a fire dragon
 25522 | D:13     | Noticed a centaur warrior
 25801 | D:13     | Noticed Urug
 25825 | D:13     | Killed Urug
 25827 | D:13     | HP: 5/108 [meliai/divine providence (9)]
 25829 | D:12     | HP: 1/108 [poisoned by a meliai]
 26116 | D:13     | Slain by a meliai

Illustrated notes

Levels and vault maps discovered:
D:1:      onia_arrival_pyramid, layout_basic, st_stairs_11, minivault_14,
          glass_columns_a, minmay_crystal_water, nrook_loot_triangle
D:2:      layout_basic, roderic_roman_lattice
D:3:      layout_basic, gup_sewer_entry_bowl, kennysheep_donut
D:4:      kennysheep_kobold_camp, layout_basic,
          pdpol_wu_jian_five_deadly_venoms, mainiacjoe_overflow_tiny_flanked,
          mainiacjoe_overflow_concentric_impassable, minmay_manual_maat,
          uniq_pargi
D:5:      layout_basic, minmay_temple_entry_antechambers,
          kennysheep_generic_room_12
D:6:      layout_rooms, skrybe_limestone_x, uniq_edmund
D:7:      layout_loops_corners, mainiacjoe_overflow_surrounded_room,
          marbit_many_paths, ebering_ghost_disaster_area,
          kennysheep_another_room
D:8:      layout_loops_cross, nicolae_overflow_hidden_temple,
          gammafunk_ghost_smash, uniq_gastronok, uniq_maurice, uniq_joseph,
          uniq_grum
D:9:      layout_small_grid, mainiacjoe_overflow_small_starburst, serial_shops,
          shop
D:10:     layout_roguey, nicolae_kikubaaqudgha_miasma_corner,
          grunt_lair_entry_orc_guard_hut, corexii_leaking_fountain,
          dreamdust_deal_with_the_devil, st_stairs_4, nicolae_stop_n_shop_1,
          kennysheep_cluttered_room
D:11:     layout_basic, serial_shops, shop, shop, shop,
          nicolae_shop_real_fake_doors, nicolae_shop_peninsula
D:12:     layout_roguey, david_orc_5, serial_shops,
          nicolae_shop_just_a_little_nook, minmay_hidden_floor
D:13:     layout_cross, uniq_urug

Skill      XL: |  1  2  3  4  5  6  7  8  9 10 11 12 |
---------------+-------------------------------------+-----
Axes           | 4 5 6 7 9 10 12 14 | 14.4
Armour         | 3 4 5 7 8 10 12 13 14 | 14.2
Fighting       | 4 5 6 8 9 10 | 10.7
Unarmed Combat | 1 2 3 4 6 7 8 9 |  9.0
Dodging        | |  2.1

Action                     |  1- 3 |  4- 6 |  7- 9 | 10-12 || total
---------------------------+-------+-------+-------+-------++-------
  Melee: Hand axe          |    92 |   154 |   309 |       ||   555
         Headbutt          |    16 |    23 |    64 |    71 ||   174
         Punch             |       |     3 |     6 |       ||     9
         Battleaxe         |       |       |    58 |   289 ||   347
 Invoke: Trog's Hand       |     1 |     4 |    13 |    21 ||    39
         Berserk           |     1 |     2 |     4 |     3 ||    10
    Use: Scroll            |     4 |       |    11 |    12 ||    27
         Potion            |       |       |       |     4 ||     4
 Armour: Ring mail         |    17 |       |    43 |   158 ||   218
         Scale mail        |    15 |       |       |       ||    15
         Plate armour      |    12 |   115 |   204 |       ||   331
  Dodge: Dodged            |    57 |    50 |   168 |   238 ||   513
